 Dungeon Crawl Stone Soup version 0.26-a0-642-g67e99244d3 (webtiles) character file.

Game seed: 13858677913438766451

2279 DogServant the Ruffian (level 9, -2/74 HPs)
             Began as a Red Draconian Transmuter on Sept 22, 2020.
             Was a Follower of Okawaru.
             Slain by Harold
             ... wielding a +3 vorpal scimitar
              (19 damage)
             ... on level 8 of the Dungeon.
             The game lasted 00:12:31 (10433 turns).

DogServant the Ruffian (Red Draconian Transmuter)  Turns: 10433, Time: 00:12:32

Health: -2/74      AC:  9    Str: 16    XL:     9   Next: 16%
Magic:  8/12       EV: 17    Int: 13    God:    Okawaru [*.....]
Gold:   416        SH:  0    Dex: 12    Spells: 6/12 levels left

rFire    + . .     SeeInvis .     - Unarmed
rCold    . . .     Faith    .   (no shield)
rNeg     . . .     Spirit   .   (armour unavailable)
rPois    .         Reflect  .   (helmet currently unavailable)
rElec    .         Harm     .   i - +1 cloak
rCorr    .         Rampage  .   (no gloves)
MR       +....                  (boots currently unavailable)
Stlth    +.........             (no amulet)
HPRegen  0.22/turn              m - ring of protection from magic
MPRegen  0.13/turn              u - +4 ring of evasion

@: appendages, very slightly contaminated
A: breathe fire, unfitting armour, horns 2, talons 2, fire resistance 1,
cold-blooded, AC +7
a: Breathe Fire, End Transformation, Heroism, Renounce Religion


You were on level 8 of the Dungeon.
You worshipped Okawaru.
Okawaru was aware of your devotion.
You had grown temporary horns.
You had grown temporary talons.
You visited 2 branches of the dungeon, and saw 9 of its levels.
You also visited: Ossuary.

You collected 416 gold pieces.

Inventory:

Armour
 i - a +1 cloak (worn)
Jewellery
 m - a ring of protection from magic (left hand)
 u - a +4 ring of evasion (right hand)
 y - a +6 ring of dexterity {unknown}
 B - an uncursed ring of ice {unknown}
 C - an uncursed amulet of magic regeneration {unknown}
Wands
 h - a wand of acid (12)
 w - a wand of disintegration (18)
Scrolls
 c - a scroll of amnesia
 e - 7 scrolls of remove curse
 j - 2 scrolls of enchant weapon
 o - a scroll of enchant armour
 t - 5 scrolls of identify
 v - 2 scrolls of teleportation
 x - a scroll of magic mapping
 z - a scroll of blinking
Potions
 a - a potion of haste
 b - 2 potions of berserk rage {unknown}
 d - 5 potions of curing {unknown}
 f - a potion of experience {unknown}
 g - 6 potions of flight {unknown}
 k - a potion of magic {unknown}
 l - a potion of might {unknown}
 n - a potion of lignification {unknown}
 p - 2 potions of degeneration {unknown}
 q - 2 potions of resistance {unknown}
 r - 2 potions of heal wounds {unknown}
 s - 2 potions of stabbing {unknown}


   Skills:
 + Level 5.5 Fighting
 + Level 3.8 Dodging
 + Level 6.9 Unarmed Combat
 - Level 2.0 Spellcasting
 + Level 6.4 Transmutations
 + Level 5.2 Poison Magic
 - Level 1.2 Evocations


You had 6 spell levels left.
You knew the following spells:

 Your Spells              Type           Power        Failure   Level
a - Beastly Appendage     Tmut           ###...       1%          1
b - Spider Form           Tmut/Pois      ###.......   7%          3
c - Wereblood             Tmut           ###.....     2%          2

Your spell library contained the following spells:

 Spells                   Type           Power        Failure   Level
 Animate Skeleton         Necr           #.....       26%         1
 Apportation              Tloc           #.....       26%         1
 Corona                   Hex            #......      26%         1
 Summon Small Mammal      Summ           #...         26%         1
 Blade Hands              Tmut           ###.......   45%         5
 Ice Form                 Ice/Tmut       #.......     56%         4


Dungeon Overview and Level Annotations

Branches:
Dungeon (8/15)             Temple (1/1) D:6         Ossuary (visited)
   Lair: D:8-11

Altars:
Ashenzari
Cheibriados
Elyvilon
Fedhas
Gozag
Hepliaklqana
Makhleb
Nemelex Xobeh
Okawaru
Ru
Trog
Uskayaw
Vehumet
Wu Jian
Xom
Yredelemnul
Zin
The Shining One

Annotations:
D:8 Harold


Innate Abilities, Weirdness & Mutations

You can breathe blasts of fire.
Your fiery red scales are hard. (AC +7)
You cannot fit into any form of body armour.
Your flesh is heat resistant. (rF+)
You are cold-blooded and may be slowed by cold attacks.
You have a pair of horns on your head.
You have razor-sharp toenails.


Message History

You are very lightly contaminated with residual magic.
Nothing appears to happen.
Casting: Spider Form (dangerous; 7% risk of failure)
Confirm with . or Enter, or press ? or * to list all spells.
You grow a pair of large bovine horns.
Your feet morph into talons.
Harold hits you with a +3 vorpal scimitar!
* * * LOW HITPOINT WARNING * * *
x2 You struggle against the net.
You struggle against the net.
Harold closely misses you.
You shred the net and break free! Harold completely misses you.
You see here a runed flail.
You punch Harold!
Harold is severely wounded.
Harold barely misses you.
You barely miss Harold.
Harold is severely wounded.
You hit Harold but do no damage. You tail-slap Harold, but do no damage.
Harold is almost dead.
Harold hits you with a +3 vorpal scimitar!!
You die...

###...#..#
........##
##...#...
#..<.#.#####.
#............
##.#...###.###
#.###..# ##.#...#
## #@...#.....
....###@(###.####
#....)(....#
#.###..##### #..#
#..# #..# #....
.......


You could see Harold (very poisoned).

Vanquished Creatures
  A hippogriff (D:7)
  Edmund (D:6)
  An orc warrior (D:6)
  A black bear (D:7)
  2 sky beasts
  2 ogres
  3 centaurs
  A crocodile (D:7)
  A bullfrog (D:7)
  6 killer bees (D:7)
  A scorpion (D:5)
  A centaur zombie (D:7)
  A quasit (D:7)
  Crazy Yiuf (D:3)
  3 orc priests
  5 hounds
  An orc wizard (D:5)
  2 iguanas
  4 worker ants
  A big kobold zombie (Ossuary)
  3 mummies (Ossuary)
  A worker ant zombie (D:5)
  6 adders
  An ufetubus (D:5)
  An ooze (D:4)
  3 adder zombies (Ossuary)
  5 worms
  2 dart slugs
  8 leopard geckos
  13 orcs
  2 ball pythons
  11 bats
  5 giant cockroaches
  12 goblins
  3 hobgoblins
  5 jackals
  3 quokkas
  4 frilled lizards
  3 goblin zombies (Ossuary)
  3 hobgoblin zombies (Ossuary)
  A jackal skeleton (D:7)
  8 kobolds
  3 kobold zombies (Ossuary)
  A quokka zombie (Ossuary)
  9 rats
  4 rat zombies (Ossuary)
159 creatures vanquished.

Notes
Turn   | Place    | Note
-------+----------+-------------------------------------------
     0 | D:1      | DogServant the Draconian Transmuter began the quest for the
                  | Orb.
     0 | D:1      | Reached XP level 1. HP: 16/16 MP: 3/3
    41 | D:1      | Found a shattered altar of Ashenzari.
   240 | D:1      | Reached XP level 2. HP: 23/23 MP: 5/5
  1229 | D:2      | Reached XP level 3. HP: 28/28 MP: 4/6
  2243 | D:2      | Found a glowing golden altar of the Shining One.
  2248 | D:2      | Found a sparkling altar of Nemelex Xobeh.
  2297 | D:3      | Reached XP level 4. HP: 35/35 MP: 5/7
  2304 | D:3      | Learned a level 3 spell: Spider Form
  2456 | D:3      | Reached skill level 1 in Poison Magic
  2611 | D:3      | Found a white marble altar of Elyvilon.
  2640 | D:3      | Found a runed translucent door.
  2641 | D:3      | Noticed Crazy Yiuf
  2678 | D:3      | Killed Crazy Yiuf
  2678 | D:3      | Reached XP level 5. HP: 18/40 MP: 3/8
  3308 | D:3      | Found an opulent altar of Gozag.
  3432 | D:3      | Found a faded altar of an unknown god.
  3639 | D:4      | Found a sand-covered staircase.
  3648 | Ossuary  | Entered an ossuary
  4037 | Ossuary  | Learned a level 2 spell: Wereblood
  4414 | D:4      | Reached XP level 6. HP: 40/47 MP: 9/9
  5466 | D:4      | Reached skill level 5 in Unarmed Combat
  5615 | D:5      | Entered Level 5 of the Dungeon
  6091 | D:5      | Your scales start taking on a fiery red colour.
  6091 | D:5      | Reached XP level 7. HP: 51/56 MP: 8/10
  6091 | D:5      | Gained mutation: Your flesh is heat resistant. (rF+) [Red
                  | Draconian growth]
  6499 | D:5      | Found a radiant altar of Vehumet.
  6637 | D:5      | Found a snail-covered altar of Cheibriados.
  6795 | D:5      | Found a blossoming altar of Fedhas.
  7304 | D:6      | Reached skill level 5 in Transmutations
  7304 | D:6      | Reached skill level 1 in Evocations
  7943 | D:6      | Reached XP level 8. HP: 62/66 MP: 11/11
  7964 | D:6      | Found a staircase to the Ecumenical Temple.
  8022 | Temple   | Entered the Ecumenical Temple
  8057 | Temple   | Became a worshipper of Warmaster Okawaru
  8262 | D:6      | Noticed Edmund
  8285 | D:6      | Killed Edmund
  8615 | D:6      | Found a shimmering altar of Xom.
  8994 | D:7      | Found a hide-covered altar of Uskayaw.
  9314 | D:7      | Reached * piety under Okawaru
  9619 | D:7      | Reached skill level 5 in Fighting
  9762 | D:7      | Found an ornate altar of the Wu Jian Council.
  9958 | D:7      | Reached skill level 5 in Poison Magic
  9975 | D:7      | Reached XP level 9. HP: 72/74 MP: 12/12
 10406 | D:8      | Noticed Harold
 10433 | D:8      | Slain by Harold

Illustrated notes

Levels and vault maps discovered:
D:1:      nicolae_arrival_memento_mori, layout_basic, minmay_fountain_box,
          ashenzari_altar_1
D:2:      layout_rooms, tso_oasis_becter, nicolae_overflow_hidden_temple
D:3:      layout_loops_cross, elyvilon_altar_5, lemuel_doored_altar,
          chequers_ecumenical_altar_lobes, minmay_strange_pillars,
          grunt_ministairs_8, uniq_crazy_yiuf_cottage
D:4:      layout_basic, lightli_ossuary_entry_decrepit_ruins,
          grunt_ministairs_14
D:5:      layout_cave_pods, marbit_many_paths, kennysheep_mini_moat,
          nicolae_overflow_crystal_walls, st_stairs_5
D:6:      layout_basic, lemuel_crystal_altar, minmay_temple_entry_junction_2,
          minmay_hedge_maze, uniq_edmund
D:7:      layout_basic, kennysheep_little_box, kennysheep_mini
D:8:      layout_loops_ring, tgw_sif, minmay_unpleasant_kobolds, uniq_harold
Temple:   chequers_temple_sunken

Skill      XL: |  1  2  3  4  5  6  7  8 |
---------------+-------------------------+-----
Transmutations | 3 4 5 6 |  6.4
Unarmed Combat | 4 5 6 |  6.9
Poison Magic   | 1 2 3 5 |  5.2
Fighting       | 2 3 5 |  5.5
Evocations     | 1 |  1.2
Dodging        | 2 3 |  3.8
Spellcasting   | |  2.0

Action                   |  1- 3 |  4- 6 |  7- 9 || total
-------------------------+-------+-------+-------++-------
Melee: Unarmed           |   132 |   216 |   240 ||   588
       Headbutt          |    14 |    25 |    32 ||    71
       Tailslap          |     7 |    28 |    26 ||    61
       Kick              |    14 |    64 |    56 ||   134
       Punch             |       |     6 |     2 ||     8
 Cast: Beastly Appendage |    22 |    36 |    29 ||    87
       Spider Form       |       |       |     4 ||     4
       Wereblood         |       |       |     4 ||     4
 Abil: Breathe Fire      |       |       |     2 ||     2
  Use: Scroll            |       |     9 |     3 ||    12
 Stab: Sleeping          |       |     1 |       ||     1
Armor: Skin              |    71 |    63 |    55 ||   189
Dodge: Dodged            |   105 |   141 |   211 ||   457

Table legend: (Time is in decaauts)
 A = Elapsed time spent in this place.
 B = Non-inter-level travel time spent in this place.
 C = Inter-level travel time spent in this place.
 D = Time resting spent in this place.
 E = Time spent auto-exploring this place.
 F = Levels seen in this place.
 G = Mean time per level.
                   A        B        C        D        E       F      G
               +--------+--------+--------+--------+--------+-----+--------+
         Total |  10382 |  10048 |    334 |   3322 |   5501 |  10 | 1038.2 |
       Dungeon |   9638 |   9323 |    315 |   2960 |   5266 |   8 | 1204.8 |
        Temple |     57 |     38 |     19 |      0 |     28 |   1 |   57.0 |
       Ossuary |    686 |    686 |      0 |    362 |    207 |   1 |  686.0 |
               +--------+--------+--------+--------+--------+-----+--------+

Top non-repeatable levels by time:
     D:5: 1643 daAuts
     D:3: 1595 daAuts
     D:7: 1571 daAuts
     D:6: 1486 daAuts
     D:1: 1215 daAuts
     D:2: 1066 daAuts
     D:4: 1026 daAuts
 Ossuary: 686 daAuts
  Temple: 57 daAuts
     D:8: 33 daAuts
